 Dungeon Crawl Stone Soup version 0.20.1-1-g8b1a95d (webtiles) character file.

1005 vatarom the Caller (level 8, 0/52 HPs)
             Began as a Mummy Summoner on Sept 10, 2017.
             Was a Believer of Ashenzari.
             Killed from afar by Stelteck's ghost (21 damage)
             ... with a shard of ice
             ... on level 7 of the Dungeon.
             The game lasted 00:16:50 (9097 turns).

vatarom the Caller (Mummy Summoner)                 Turns: 9097, Time: 00:16:51

Health: 0/52       AC:  6    Str: 11    XL:     8   Next: 0%
Magic:  9/12       EV: 12    Int: 17    God:    Ashenzari [**....]
Gold:   259        SH:  0    Dex: 12    Spells: 2/12 levels left

rFire    . . .     SeeInvis .   i - +4 quarterstaff (chaos)
rCold    + . .     Gourm    .   (shield currently unavailable)
rNeg     + + +     Faith    .   a - +0 robe (curse)
rPois    ∞         Spirit   .   (no helmet)
rElec    .         Reflect  .   j - +1 cloak (curse)
rCorr    .         Harm     +   (no gloves)
MR       +....                  (no boots)
Stlth    ++........             l - amulet of harm
Regen    0.2/turn               r - +2 ring of protection (curse)
MPRegen  0.2/turn               o - ring of protection from fire (curse)

@: about to teleport
A: no food or potions, fire vulnerability, cold resistance 1, negative energy
resistance 3, torment resistance, unbreathing
a: Curse Item, Scrying, Renounce Religion


You were on level 7 of the Dungeon.
You worshipped Ashenzari.
Ashenzari was pleased with you.
You were not hungry.

You visited 1 branch of the dungeon, and saw 7 of its levels.

You collected 259 gold pieces.

Inventory:

Hand Weapons
 d - a +1 short sword of electrocution
 i - a +4 quarterstaff of chaos (weapon)
Armour
 a - a cursed +0 robe (worn)
 j - a cursed +1 cloak (worn)
Magical Staves
 q - an uncursed staff of energy
Jewellery
 c - a +3 ring of dexterity
 e - an uncursed ring of fire
 l - an amulet of harm (around neck)
 o - a cursed ring of protection from fire (right hand)
 r - a cursed +2 ring of protection (left hand)
Wands
 k - a wand of acid (4/15)
Scrolls
 f - 7 scrolls of identify
 h - 4 scrolls of enchant weapon
 m - a scroll of enchant armour
 s - a scroll of recharging
Books
 b - a book of Callings

   Spells                             Type                      Level
   a - Summon Small Mammal            Summoning                    1
   b - Call Imp                       Summoning                    2
   c - Call Canine Familiar           Summoning                    3
   d - Summon Guardian Golem          Hexes/Summoning              3
   e - Summon Lightning Spire         Summoning/Air                4
   f - Summon Ice Beast               Ice/Summoning                4
 n - a book of Minor Magic

   Spells                             Type                      Level
   a - Magic Dart                     Conjuration                  1
   b - Blink                          Translocation                2
   c - Call Imp                       Summoning                    2
   d - Slow                           Hexes                        2
   e - Conjure Flame                  Conjuration/Fire             3
   f - Mephitic Cloud                 Conjuration/Poison/Air       3
 p - a book of Cantrips

   Spells                             Type                      Level
   a - Confusing Touch                Hexes                        1
   b - Animate Skeleton               Necromancy                   1
   c - Summon Small Mammal            Summoning                    1
   d - Apportation                    Translocation                1


   Skills:
 - Level 1.5 Dodging
 - Level 1.5 Stealth
 - Level 2.6 Spellcasting
 + Level 6.8(8.3) Summonings
 - Level 3.7(5.1) Ice Magic
 - Level 2.5(3.7) Evocations


You had 2 spell levels left.
You knew the following spells:

 Your Spells              Type           Power        Failure   Level  Hunger
a - Summon Small Mammal   Summ           ####         1%          1    N/A
b - Call Imp              Summ           ####....     1%          2    N/A
c - Call Canine Familiar  Summ           ####....     1%          3    N/A
d - Summon Ice Beast      Ice/Summ       ####....     11%         4    N/A

Dungeon Overview and Level Annotations

Branches:
Dungeon (7/15)
 Temple: D:4-7

Altars:
Ashenzari
Cheibriados
Fedhas
Hepliaklqana
Trog

Annotations:
D:7 Stelteck's ghost, novice DEFE


Innate Abilities, Weirdness & Mutations

You do not eat or drink.
Your flesh is vulnerable to fire.
You are immune to poison.
Your flesh is cold resistant. (rC+)
You are immune to negative energy. (rN+++)
You are immune to unholy pain and torment.
You can survive without breathing.


Message History

You close the door.
You open the door.
There is an open door here.
You see here 2 dark potions.
Stelteck's ghost points at you and mumbles some strange words.
The shard of ice misses you. Stelteck's ghost hits you!
Casting: Summon Ice Beast
Confirm with . or Enter, or press ? or * to list all spells.
Stelteck's ghost points at you and mumbles some strange words.
The flame tongue hits you!
As you read the scroll of teleportation, it crumbles to dust.
You feel strangely unstable.
Your hound barely misses Stelteck's ghost.
Stelteck's ghost barely misses you.
Unknown command.
Your hound bites Stelteck's ghost but does no damage.
Stelteck's ghost gestures at you while chanting.
The shard of ice hits you! You partially resist.
You die...

* #########..........# , ..#
#..........## , * * *#.#
#...........#
##.####.(.........# ,
#................#
#####...###..........#### ,
*####...'...............##..#
#.....##.h.###.........##..#
*
#...).'!.W.@.#.#####..##....
#.....##...#.#.# #5.##(...
#.....##...#.#.# #.{#.....
#.....##...#.#.# #..#..#..
############.#.### #....##.#
########.#(..# #######.# *
#........#...# #..
######.########...# ### ,
#...............(.###########


You could see Stelteck's ghost and a friendly hound.

Vanquished Creatures
  A sky beast (D:6)
  A bullfrog (D:6)
  A scorpion (D:5)
  A crimson imp (D:5)
  A hound (D:6)
  Crazy Yiuf (D:3)
  2 orc priests
  An iguana (D:5)
  An orc wizard (D:5)
  A worker ant zombie (D:5)
  A gnoll (D:5)
  7 adders
  A river rat (D:6)
  An adder zombie (D:5)
  A worm (D:5)
  A leopard gecko (D:6)
  9 orcs
  A ball python (D:3)
  8 bats
  4 giant cockroaches
  3 goblins
  2 hobgoblins
  4 jackals
  2 kobolds
  A quokka (D:5)
  A ball python skeleton (D:5)
  A frilled lizard (D:2)
  A leopard gecko skeleton (D:6)
  A quokka skeleton (D:5)
  9 rats
70 creatures vanquished.

Vanquished Creatures (collateral kills)
  A black bear (D:6)
  An ogre (D:4)
  A centaur (D:6)
  A crocodile (D:5)
  A bullfrog (D:6)
  2 jellies
  A centaur zombie (D:6)
  A bullfrog zombie (D:6)
  3 orc wizards
  An orc priest (D:6)
  Ijyb (D:3)
  Natasha (thrice) (D:4)
  2 iguanas
  A worker ant (D:4)
  A hound skeleton (D:4)
  3 gnolls
  7 adders
  A river rat (D:6)
  3 worms
  2 dart slugs
  9 orcs
  4 giant cockroaches
  A goblin (D:2)
  2 hobgoblins (D:2)
  5 jackals
  3 kobolds
  2 quokkas
  5 bats
  2 frilled lizards
  A leopard gecko skeleton (D:4)
  A quokka zombie (D:6)
  4 rats
76 creatures vanquished.

Grand Total: 146 creatures vanquished

Notes
Turn   | Place    | Note
-------+----------+-------------------------------------------
     0 | D:1      | vatarom the Mummy Summoner began the quest for the Orb.
     0 | D:1      | Reached XP level 1. HP: 13/13 MP: 4/4
   283 | D:1      | Found a shattered altar of Ashenzari.
   295 | D:1      | Became a worshipper of Ashenzari the Shackled
   542 | D:1      | Reached XP level 2. HP: 11/19 MP: 5/5
   605 | D:1      | Learned a level 2 spell: Call Imp
  1351 | D:2      | Reached skill level 4 in Summonings
  1446 | D:2      | Reached XP level 3. HP: 19/24 MP: 1/7
  1529 | D:2      | Learned a level 3 spell: Call Canine Familiar
  2012 | D:2      | Found a bloodstained altar of Trog.
  2134 | D:2      | Reached XP level 4. HP: 28/30 MP: 6/8
  2405 | D:3      | Found a runed door.
  2456 | D:3      | Noticed Crazy Yiuf
  2471 | D:3      | HP: 1/30 [Crazy Yiuf/quarterstaff of chaos (19)]
  2472 | D:3      | Killed Crazy Yiuf
  2771 | D:3      | Reached * piety under Ashenzari
  2911 | D:3      | Noticed Ijyb
  2921 | D:3      | Killed Ijyb
  2921 | D:3      | Reached skill level 5 in Summonings
  3379 | D:3      | Reached XP level 5. HP: 26/35 MP: 1/9
  3903 | D:4      | Noticed Natasha
  3917 | D:4      | Killed Natasha
  4091 | D:4      | Noticed Natasha
  4098 | D:4      | Killed Natasha
  4200 | D:4      | Noticed an ogre
  4211 | D:4      | Killed an ogre
  4213 | D:4      | Reached skill level 6 in Summonings
  4459 | D:4      | Noticed Natasha
  4475 | D:4      | Killed Natasha
  4640 | D:4      | Reached XP level 6. HP: 41/41 MP: 3/10
  4883 | D:5      | Entered Level 5 of the Dungeon
  5365 | D:5      | Found a snail-covered altar of Cheibriados.
  5365 | D:5      | Found a bloodstained altar of Trog.
  5415 | D:5      | Found a hazy altar of Hepliaklqana.
  5528 | D:5      | Learned a level 4 spell: Summon Ice Beast
  5632 | D:5      | Reached skill level 1 in Evocations
  6003 | D:5      | Reached XP level 7. HP: 31/46 MP: 11/11
  6292 | D:5      | Reached ** piety under Ashenzari
  7401 | D:6      | Reached skill level 1 in Ice Magic
  8072 | D:6      | Found a blossoming altar of Fedhas.
  8897 | D:7      | Reached XP level 8. HP: 52/52 MP: 3/12
  9085 | D:7      | Noticed Stelteck's ghost (novice DEFE)
  9097 | D:7      | Killed from afar by Stelteck's ghost

Skill      XL: |  1  2  3  4  5  6  7 |
---------------+----------------------+-----
Summonings     | 4 5 6 |  6.8
Evocations     | 1 2 |  2.5
Ice Magic      | 3 |  3.7
Dodging        | |  1.5
Stealth        | |  1.5
Spellcasting   | |  2.6

Action                   |  1- 3 |  4- 6 |  7- 9 || total
-------------------------+-------+-------+-------++-------
Melee: Unarmed           |    57 |       |       ||    57
       Short sword       |    63 |    21 |       ||    84
       Quarterstaff      |       |    63 |    54 ||   117
 Cast: Summon Small Mamm |    12 |       |       ||    12
       Call Imp          |    24 |    31 |    24 ||    79
       Call Canine Famil |     5 |    25 |    24 ||    54
       Summon Ice Beast  |       |       |     3 ||     3
Invok: Curse Item        |       |     1 |     2 ||     3
  Use: Scroll            |     4 |     3 |     4 ||    11
 Stab: Distracted        |     1 |     1 |       ||     2
       Sleeping          |     2 |       |       ||     2
       Paralysed         |       |     1 |       ||     1
Armor: Robe              |    41 |    27 |    30 ||    98
Dodge: Dodged            |   130 |    59 |    57 ||   246
